 Dungeon Crawl Stone Soup version 0.28.0 (webtiles) character file.

Game seed: 13081046851031013117

34 lordive the Grasshopper (level 3, 0/33 HPs)
             Began as a Troll Warper on Feb 7, 2022.
             Succumbed to an adder's poison
             ... on level 2 of the Dungeon.
             The game lasted 00:01:48 (1003 turns).

lordive the Grasshopper (Troll Warper)              Turns: 1003, Time: 00:01:49

Health: 0/33       AC:  4    Str: 19    XL:     3   Next: 14%
Magic:  3/3        EV:  9    Int: 11    God:
Gold:   60         SH:  0    Dex:  7    Spells: 4/4 levels left

rFire   . . .      SeeInvis .     - Unarmed
rCold   . . .      Faith    .   (no shield)
rNeg    . . .      Spirit   .   a - +0 robe
rPois   .          Reflect  .   (helmet restricted)
rElec   .          Harm     .   (no cloak)
rCorr   .          Rampage  .   (gloves unavailable)
Will    +....                   (boots unavailable)
Stlth   +.........              (no amulet)
HPRegen 0.91/turn               (no ring)
MPRegen 0.08/turn               (no ring)

@: lethally poisoned (0 -> -3), flying
A: large, unfitting armour, claws 3, regeneration 1, shaggy fur 1, tough skin 1,
clumsy 1, strong-willed 1
a: no special abilities


You were on level 2 of the Dungeon.
You visited 1 branch of the dungeon, and saw 2 of its levels.

You collected 60 gold pieces.

Inventory:

Missiles
 c - 5 boomerangs of dispersal (quivered)
Armour
 a - a +0 robe (worn)
Jewellery
 d - a +4 ring of evasion
Scrolls
 b - a scroll of blinking
 g - a scroll of fear {unknown}
 h - 2 scrolls of magic mapping {unknown}
 k - a scroll of teleportation {unknown}
Potions
 f - a potion of mutation
 i - a potion of brilliance {unknown}
 j - a potion of magic {unknown}


   Skills:
 * Level 1.5 Fighting
 * Level 1.1 Throwing
 * Level 0.4 Armour
 * Level 2.2 Dodging
 * Level 0.1 Shields
 + Level 2.2 Unarmed Combat
 * Level 1.3 Spellcasting
 * Level 2.4 Translocations
 * Level 0.7 Invocations


You had 4 spell levels left.
You didn't know any spells.
Your spell library contained the following spells:

 Spells                   Type           Power      Damage    Failure   Level
 Apportation              Tloc           12%        N/A       12%         1
 Blink                    Tloc           12%        N/A       17%         2
 Gell's Gravitas          Tloc           6%         N/A       34%         3
 Lesser Beckoning         Tloc           6%         N/A       34%         3
 Teleport Other           Tloc           6%         N/A       34%         3
 Portal Projectile        Hex/Tloc       6%         N/A       50%         3
 Ignite Poison            Fire/Tmut/Pois 0%         N/A       67%         3
 Mephitic Cloud           Conj/Pois/Air  0%         N/A       67%         3
 Manifold Assault         Tloc           6%         N/A       97%         5
 Alistair's Intoxication  Tmut/Pois      0%         N/A       100%        5
 Blade Hands              Tmut           0%         N/A       100%        5
 Excruciating Wounds      Necr           0%         N/A       100%        5
 Freezing Cloud           Conj/Ice/Air   0%         6-21      100%        5


Dungeon Overview and Level Annotations

Branches:
Dungeon (2/15)

Altars:


Innate Abilities, Weirdness & Mutations

You are too large for most types of armour.
You have claws for hands.
Your natural rate of healing is unusually fast.
You are covered in fur. (AC +1)
You have tough skin. (AC +1)
You are clumsy. (Dex -2)
You are strong-willed. (Will+)


Message History

You are too injured to fight recklessly!
You are too injured to fight recklessly!
You are too injured to fight recklessly!
You are too injured to fight recklessly!
Unknown command.
You claw the adder!
The adder is severely wounded.
You feel sick. The adder bites you but does no damage.
The ball python closely misses you. The adder bites you.
You barely miss the adder.
The adder is severely wounded.
You feel sick. The ball python barely misses you. The adder closely misses you.
You closely miss the adder.
The adder is severely wounded.
You feel sick. The ball python completely misses you.
The adder barely misses you. The ball python barely misses you.
You barely miss the adder.
The adder is severely wounded.
You feel sick. The adder bites you.
* * * LOW HITPOINT WARNING * * *
You are more poisoned.
The adder poisons you! The ball python barely misses you.
You barely miss the adder.
The adder is severely wounded.
You feel sick. The adder bites you.
* * * LOW HITPOINT WARNING * * *
You are lethally poisoned!
The adder poisons you!
The ball python bites you but does no damage.
It was a potion of mutation.
You feel extremely strange.
You feel clumsy.
You feel strong-willed.
* * * LOW HITPOINT WARNING * * *
You feel very sick. The adder closely misses you.
The ball python bites you but does no damage.
The adder bites you but does no damage.
It was a potion of flight.
You feel very buoyant.
You fly up into the air.
You die...

### ..# #.#
#.########
###.##.....#
#..........####.##
#.#.##.#..@SK.....
#)#.##.###S##...#.
#.###.#.##.# #.#
..# #.......##.#
#.# . #####.####..
..# #.# ### ###
##.## ##...##
##.#.#.###


You could see an adder, a ball python and a kobold.

Vanquished Creatures
  An adder (D:2)
  A worm (D:2)
  A bat (D:1)
  An endoplasm (D:1)
  A giant cockroach (D:1)
  2 goblins (D:2)
  3 hobgoblins (D:1)
  3 jackals (D:2)
  2 quokkas (D:2)
  3 kobolds (D:1)
  2 rats
20 creatures vanquished.

Vanquished Creatures (others)
  10 plants (D:1)
10 creatures vanquished.

Grand Total: 30 creatures vanquished

Notes
Turn   | Place    | Note
-------+----------+-------------------------------------------
     0 | D:1      | lordive the Troll Warper began the quest for the Orb.
     0 | D:1      | Reached XP level 1. HP: 19/19 MP: 1/1
   355 | D:1      | Reached skill level 1 in Throwing
   355 | D:1      | Reached XP level 2. HP: 27/27 MP: 2/2
   670 | D:1      | Found a faded altar of an unknown god.
   965 | D:2      | Reached XP level 3. HP: 33/33 MP: 3/3
  1002 | D:2      | Gained mutation: You are clumsy. (Dex -2) [potion of
                  | mutation]
  1002 | D:2      | Gained mutation: You are strong-willed. (Will+) [potion of
                  | mutation]
  1002 | D:2      | HP: 1/33 [poisoned by an adder]
  1003 | D:2      | Succumbed to an adder's poison

Illustrated notes

Levels and vault maps discovered:
D:1:      onia_arrival_pentagram, layout_loops_ring,
          dilly_ecumenical_altar_fadedgnrine
D:2:      layout_loops_corners, minivault_23, uniq_robin,
          uniq_crazy_yiuf_cottage

Skill      XL: |  1 |
---------------+----+-----
Dodging        | 2 |  2.2
Throwing       | 1 |  1.1
Fighting       | |  1.5
Armour         | |  0.4
Shields        | |  0.1
Unarmed Combat | |  2.2
Spellcasting   | |  1.3
Translocations | |  2.4
Invocations    | |  0.7

Action                   || total
-------------------------++-------
Melee: Unarmed           ||    81
       Punch             ||     2
  Use: Potion            ||     2
Armor: Robe              ||    31
Dodge: Dodged            ||    50
